 Dungeon Crawl Stone Soup version 0.30.0-29-ga12c61a403 (webtiles) character file.

Game seed: 13474341488515668850

18 hawla the Firebug (level 3, -1/26 HPs)
             Began as a Meteoran Fire Elementalist on June 9, 2023.
             Killed from afar by a white imp (9 damage)
             ... with a puff of frost
             ... on level 4 of the Dungeon.
             The game lasted 00:02:47 (237 turns).

hawla the Firebug (Meteoran Fire Elementalist)       Turns: 237, Time: 00:02:48

Health: -1/26      AC:  2    Str:  9    XL:     3   Next: 5%
Magic:  3/8        EV: 13    Int: 18    God:
Gold:   66         SH:  0    Dex: 15    Spells: 6/7 levels left

rFire   . . .        (no weapon)
rCold   . . .        (no shield)
rNeg    . . .        a - +0 robe
rPois   .            (no helmet)
rElec   .            (no cloak)
rCorr   .            (no gloves)
SInv    .            (no boots)
Will    .....        (no amulet)
Stlth   +            (no ring)
HPRegen 0.24/turn    (no ring)
MPRegen 0.11/turn

%: no passive effects
@: very slightly contaminated, glowing
A: sense surroundings 1, otherworldly, glowing, explore regen
a: no special abilities


You were on level 4 of the Dungeon.
You visited 1 branch of the dungeon, and saw 4 of its levels.

You collected 66 gold pieces.

Inventory:

Armour
 a - a +0 robe (worn)
Scrolls
 b - a scroll of amnesia {unknown}
Potions
 c - a potion of curing {unknown}


   Skills:
 + Level 2.7 Dodging
 - Level 1.4 Stealth
 + Level 2.9 Spellcasting
 + Level 1.3 Conjurations
 + Level 4.3 Fire Magic


You had 6 spell levels left.
You knew the following spells:

 Your Spells              Type           Power      Damage    Failure   Level
a - Foxfire               Conj/Fire      48%        2x1d6     4%          1

Your spell library contained the following spells:

 Spells                   Type           Power      Damage    Failure   Level
 Scorch                   Fire           36%        2d6       4%          2
 Inner Flame              Hex/Fire       10%        N/A       21%         3
 Volatile Blastmotes      Fire/Tloc      20%        2d11      21%         3
 Flame Wave               Conj/Fire      12%        2d6       45%         4


Dungeon Overview and Level Annotations

Branches:
Dungeon (4/15) Zot: 2161
 Temple: D:4-7

Altars:

Shops:
D:1 :


Innate Abilities, Weirdness & Mutations

You passively map a small area around you.
You are easily found by Zot.
You glow in the dark.
You regain HP and MP as you explore.


Message History

Casting: Foxfire (safe; 4% risk of failure)
Confirm with . or Enter, or press ? or * to list all spells.
You conjure some foxfire!
The white imp gestures at you. The puff of frost hits you.
Casting: Foxfire (safe; 4% risk of failure)
Confirm with . or Enter, or press ? or * to list all spells.
You don't know that spell.
Casting: Foxfire (safe; 4% risk of failure)
Confirm with . or Enter, or press ? or * to list all spells.
You conjure some foxfire!
The foxfire hits the white imp but does no damage.
Casting: Foxfire (safe; 4% risk of failure)
Confirm with . or Enter, or press ? or * to list all spells.
You miscast Foxfire.
You are very lightly contaminated with residual magic.
Nothing appears to happen.
The foxfire hits the white imp!
The white imp is burned terribly!
The white imp is severely wounded.
The white imp hits you. The white imp freezes you.
Your foxfire dissipates!
Casting: Foxfire (safe; 4% risk of failure)
Confirm with . or Enter, or press ? or * to list all spells.
You conjure some foxfire!
The white imp gestures at you. The puff of frost hits you.
You hit the white imp but do no damage.
The white imp is severely wounded.
Your foxfire dissipates!
The foxfire hits the white imp.
The white imp is almost dead.
The foxfire hits the white imp.
The white imp is almost dead.
The white imp hits you. The white imp freezes you.
Casting: Foxfire (safe; 4% risk of failure)
Confirm with . or Enter, or press ? or * to list all spells.
You conjure some foxfire!
The white imp gestures at you. The puff of frost hits you!
You die...

# ##....#.###.# , * , #
#.<.....# ## #....* * #
#.......# ....#
##........# #....#
##.##...#.# *....# *
.#.##...#.# ####...#*
.#.###.##.# #..#..# *
..........####..#5###...
,
.#..............@v......
.####.###........v....##
* .####.#
############### ,
..>...## * * *
.......####### ,
######........ , , * *
######### **


You could see a white imp (ally target).

Vanquished Creatures
  A dart slug (D:1)
  2 endoplasms (D:2)
  A giant cockroach (D:1)
  A quokka (D:4)
  A ball python (D:3)
  A bat (D:2)
  A frilled lizard (D:3)
  3 goblins
  4 kobolds
  2 rats
17 creatures vanquished.

Vanquished Creatures (others)
  49 foxfires
49 creatures vanquished.

Grand Total: 66 creatures vanquished

Notes
Turn   | Place    | Note
-------+----------+-------------------------------------------
     0 | D:1      | hawla the Meteoran Fire Elementalist began the quest for
                  | the Orb.
     0 | D:1      | Reached XP level 1. HP: 14/14 MP: 5/5
    48 | D:1      | Found Haythiel's Book Boutique.
    58 | D:1      | Reached XP level 2. HP: 20/20 MP: 2/6
    67 | D:1      | Reached skill level 4 in Fire Magic
   169 | D:4      | Reached XP level 3. HP: 24/26 MP: 5/8
   237 | D:4      | Killed from afar by a white imp

Illustrated notes

Levels and vault maps discovered:
D:1:      lemuel_arrival_cross, layout_basic, serial_shops, shop, shop, shop,
          shop, shop, ebering_ecumenical_altar_box
D:2:      layout_basic, basic_altar, uniq_natasha
D:3:      layout_basic, mainiacjoe_overflow_chevrons, slow_altar_2
D:4:      layout_loops_ring, nicolae_tso_carved_into_rock,
          mainiacjoe_overflow_catwalk, minmay_temple_entry_slanted,
          serial_shops, shop

Skill      XL: |  1  2 |
---------------+-------+-----
Fire Magic     | 4 |  4.3
Dodging        | |  2.7
Stealth        | |  1.4
Spellcasting   | |  2.9
Conjurations   | |  1.3

Action                     || total
---------------------------++-------
  Melee: Unarmed           ||     5
   Cast: Foxfire           ||    29
    Use: Scroll            ||     2
         Potion            ||     1
 Armour: Robe              ||     2
  Dodge: Dodged            ||     6
